TOP OF THE 1ST |
Kalamazoo Royale with Cheese batting - Pitching for Kansas City Kings : RHP Luis Vargas
|
Pitching: RHP Luis Vargas
|
|
Batting: RHB Millard Boyd
|
0-0: Ball 1-0: Swinging Strike 1-1: Ball 2-1: Foul Ball, location: 2F 2-2: Strikes out swinging
|
Batting: LHB Gene Cooper
|
0-0: Fly out, F4 (Line Drive, 34)
|
Batting: SHB Caden Keith
|
0-0: Called Strike 0-1: SINGLE (Flyball, 7LS)
|
Batting: LHB Doyle Otterburn
|
0-0: Called Strike Caden Keith steals 2nd base 0-1: Reached via error on a dropped throw, E3 Caden Keith to third
|
Batting: RHB Marlon Phipps
|
0-0: Foul Ball, location: 2F 0-1: Foul Ball, location: 2F 0-2: Ball 1-2: Ball 2-2: DOUBLE (Line Drive, 7LD) Caden Keith scores Doyle Otterburn to third
|
Pinch Runner at 2nd Roberto Sandoval:
|
|
Batting: LHB Donovan Bird
|
0-0: Ball 1-0: Swinging Strike 1-1: Called Strike 1-2: DOUBLE (Line Drive, 9LS) Doyle Otterburn scores Roberto Sandoval scores
|
Batting: RHB Zander Tremblett
|
0-0: Fly out, F5 (Line Drive, 56)
|
Top of the 1st over - 3 runs, 3 hits, 1 error, 1 left on base; Kalamazoo 3 - Kansas City 0 |
BOTTOM OF THE 1ST |
Kansas City Kings batting - Pitching for Kalamazoo Royale with Cheese : LHP Salvador Castro
|
Pitching: LHP Salvador Castro
|
|
Now at 1B: Roberto Sandoval
|
|
Batting: SHB Álex Hernández
|
0-0: Ball 1-0: Fly out, F5 (Line Drive, 56D)
|
Batting: RHB Chris Chandler
|
0-0: Ground out 6-3 (Groundball, 6S)
|
Batting: SHB Douglas Taylor
|
0-0: Called Strike 0-1: Ball 1-1: SOLO HOME RUN (Flyball, 7D), Distance : 442 ft
|
Batting: RHB Toshimichi Kono
|
0-0: Called Strike 0-1: SINGLE (Groundball, 4MD)
|
Batting: RHB Rafael Carreón
|
0-0: Ball 1-0: Ball 2-0: Ball 3-0: Called Strike 3-1: Called Strike 3-2: Strikes out swinging
|
Bottom of the 1st over - 1 run, 2 hits, 0 errors, 1 left on base; Kalamazoo 3 - Kansas City 1 |
TOP OF THE 2ND |
Kalamazoo Royale with Cheese batting - Pitching for Kansas City Kings : RHP Luis Vargas
|
Batting: LHB Ron Robinson
|
0-0: Ground out 4-3 (Groundball, 4)
|
Batting: LHB Bill McJannett
|
0-0: Ball 1-0: Swinging Strike 1-1: Ball 2-1: Foul Ball, location: 2F 2-2: Foul Ball, location: 2F 2-2: Strikes out swinging
|
Batting: RHB Millard Boyd
|
0-0: Ball 1-0: Ball 2-0: Ball 3-0: Called Strike 3-1: Foul Ball, location: 2F 3-2: Base on Balls
|
Batting: LHB Gene Cooper
|
0-0: Foul Ball, location: 2F 0-1: Ball 1-1: Swinging Strike 1-2: Foul Ball, location: 2F 1-2: Strikes out swinging
|
Top of the 2nd over - 0 runs, 0 hits, 0 errors, 1 left on base; Kalamazoo 3 - Kansas City 1 |
BOTTOM OF THE 2ND |
Kansas City Kings batting - Pitching for Kalamazoo Royale with Cheese : LHP Salvador Castro
|
Batting: LHB Brian Easdale
|
0-0: Swinging Strike 0-1: Called Strike 0-2: Ground out 2-3 (Groundball, 2L)
|
Batting: RHB Dave Parker
|
0-0: Foul Ball, location: 2F 0-1: Ball 1-1: Foul Ball, location: 2F 1-2: Foul Ball, location: 2F 1-2: Ball 2-2: Strikes out swinging
|
Batting: LHB Ron Crawford
|
0-0: Called Strike 0-1: Fly out, F3 (Popup, 3DF)
|
Bottom of the 2nd over - 0 runs, 0 hits, 0 errors, 0 left on base; Kalamazoo 3 - Kansas City 1 |
TOP OF THE 3RD |
Kalamazoo Royale with Cheese batting - Pitching for Kansas City Kings : RHP Luis Vargas
|
Batting: SHB Caden Keith
|
0-0: Ball 1-0: Foul Ball, location: 2F 1-1: Swinging Strike 1-2: Ball 2-2: Foul Ball, location: 2F 2-2: Ground out 5-3 (Groundball, 56)
|
Batting: LHB Doyle Otterburn
|
0-0: Foul Ball, location: 2F 0-1: Ball 1-1: Foul Ball, location: 2F 1-2: Foul Ball, location: 2F 1-2: Ground out 4-3 (Groundball, 4S)
|
Batting: LHB Roberto Sandoval
|
0-0: DOUBLE (Flyball, 8LXD)
|
Batting: LHB Donovan Bird
|
0-0: Called Strike 0-1: Ball 1-1: Ball 2-1: Fly out, F7 (Flyball, 78S)
|
Top of the 3rd over - 0 runs, 1 hit, 0 errors, 1 left on base; Kalamazoo 3 - Kansas City 1 |
BOTTOM OF THE 3RD |
Kansas City Kings batting - Pitching for Kalamazoo Royale with Cheese : LHP Salvador Castro
|
Batting: RHB Eduardo García
|
0-0: Called Strike 0-1: Ground out 5-3 (Groundball, 56S)
|
Batting: SHB Álex Hernández
|
0-0: Ball 1-0: Foul Ball, location: 2F 1-1: Swinging Strike 1-2: Foul Ball, location: 2F 1-2: Ground out U3 (Groundball, 3)
|
Batting: RHB Chris Chandler
|
0-0: Fly out, F3 (Popup, 34)
|
Bottom of the 3rd over - 0 runs, 0 hits, 0 errors, 0 left on base; Kalamazoo 3 - Kansas City 1 |
TOP OF THE 4TH |
Kalamazoo Royale with Cheese batting - Pitching for Kansas City Kings : RHP Luis Vargas
|
Batting: RHB Zander Tremblett
|
0-0: Ball 1-0: Called Strike 1-1: Swinging Strike 1-2: Strikes out swinging
|
Batting: LHB Ron Robinson
|
0-0: Foul Ball, location: 2F 0-1: Foul Ball, location: 2F 0-2: Ball 1-2: Ground out 4-3 (Groundball, 34)
|
Batting: LHB Bill McJannett
|
0-0: Ground out 2-3 (Groundball, 2L)
|
Top of the 4th over - 0 runs, 0 hits, 0 errors, 0 left on base; Kalamazoo 3 - Kansas City 1 |
BOTTOM OF THE 4TH |
Kansas City Kings batting - Pitching for Kalamazoo Royale with Cheese : LHP Salvador Castro
|
Batting: SHB Douglas Taylor
|
0-0: Ball 1-0: Called Strike 1-1: Ball 2-1: Ground out 5-3 (Groundball, 56S)
|
Batting: RHB Toshimichi Kono
|
0-0: Ball 1-0: Fly out, F9 (Flyball, 89D)
|
Batting: RHB Rafael Carreón
|
0-0: Called Strike 0-1: Fly out, F9 (Flyball, 89D)
|
Bottom of the 4th over - 0 runs, 0 hits, 0 errors, 0 left on base; Kalamazoo 3 - Kansas City 1 |
TOP OF THE 5TH |
Kalamazoo Royale with Cheese batting - Pitching for Kansas City Kings : RHP Luis Vargas
|
Batting: RHB Millard Boyd
|
0-0: Ball 1-0: Swinging Strike 1-1: Ball 2-1: Foul Ball, location: 2F 2-2: Ball 3-2: Ground out 5-3 (Groundball, 56)
|
Batting: LHB Gene Cooper
|
0-0: Called Strike 0-1: SINGLE (Line Drive, 8LS)
|
Batting: SHB Caden Keith
|
0-0: Ball 1-0: Called Strike 1-1: Ball 2-1: Foul Ball, location: 2F 2-2: Ball 3-2: Strikes out swinging
|
Batting: LHB Doyle Otterburn
|
0-0: Called Strike 0-1: Called Strike 0-2: Ball 1-2: Foul Ball, location: 2F 1-2: Foul Ball, location: 2F 1-2: SINGLE (Flyball, 78S) Gene Cooper to second
|
Batting: LHB Roberto Sandoval
|
0-0: Ball 1-0: Swinging Strike 1-1: TRIPLE (Line Drive, 8RXD) Gene Cooper scores Doyle Otterburn scores
|
Pitching: LHP Keith Swanson
|
|
Batting: LHB Donovan Bird
|
0-0: Swinging Strike 0-1: Foul Ball, location: 2F 0-2: Ball 1-2: Strikes out swinging
|
Top of the 5th over - 2 runs, 3 hits, 0 errors, 1 left on base; Kalamazoo 5 - Kansas City 1 |
BOTTOM OF THE 5TH |
Kansas City Kings batting - Pitching for Kalamazoo Royale with Cheese : LHP Salvador Castro
|
Batting: LHB Brian Easdale
|
0-0: Called Strike 0-1: Ball 1-1: Ball 2-1: Ball 3-1: Called Strike 3-2: Ground out 4-3 (Groundball, 4)
|
Batting: RHB Dave Parker
|
0-0: Foul Ball, location: 2F 0-1: Ball 1-1: Swinging Strike 1-2: Ball 2-2: SOLO HOME RUN (Flyball, 7D), Distance : 355 ft
|
Batting: LHB Ron Crawford
|
0-0: Swinging Strike 0-1: Ball 1-1: Called Strike 1-2: Strikes out swinging
|
Batting: RHB Eduardo García
|
0-0: Fly out, F9 (Flyball, 9S)
|
Bottom of the 5th over - 1 run, 1 hit, 0 errors, 0 left on base; Kalamazoo 5 - Kansas City 2 |
TOP OF THE 6TH |
Kalamazoo Royale with Cheese batting - Pitching for Kansas City Kings : LHP Keith Swanson
|
Batting: RHB Zander Tremblett
|
0-0: Ball 1-0: Ground out 3-1 (Groundball, 34S)
|
Batting: LHB Ron Robinson
|
0-0: Swinging Strike 0-1: Ball 1-1: Fly out, F8 (Line Drive, 8RM)
|
Batting: LHB Bill McJannett
|
0-0: Fly out, F6 (Line Drive, 6)
|
Top of the 6th over - 0 runs, 0 hits, 0 errors, 0 left on base; Kalamazoo 5 - Kansas City 2 |
BOTTOM OF THE 6TH |
Kansas City Kings batting - Pitching for Kalamazoo Royale with Cheese : LHP Salvador Castro
|
Batting: SHB Álex Hernández
|
0-0: Called Strike 0-1: Foul Ball, location: 2F 0-2: Ball 1-2: Foul Ball, location: 2F 1-2: Foul Ball, location: 2F 1-2: Ball 2-2: Ground out 4-3 (Groundball, 4)
|
Batting: RHB Chris Chandler
|
0-0: Ball 1-0: Ball 2-0: Foul Ball, location: 2F 2-1: Ball 3-1: Foul Ball, location: 2F 3-2: Strikes out swinging
|
Batting: SHB Douglas Taylor
|
0-0: Ball 1-0: Foul Ball, location: 2F 1-1: SINGLE (Groundball, 34D)
|
Batting: RHB Toshimichi Kono
|
0-0: Ball 1-0: Ball 2-0: Swinging Strike 2-1: Foul Ball, location: 2F 2-2: Foul Ball, location: 2F 2-2: 2-RUN HOME RUN (Flyball, 7LD), Distance : 371 ft
|
Batting: RHB Rafael Carreón
|
0-0: Called Strike 0-1: Swinging Strike 0-2: Fly out, F9 (Flyball, 89S)
|
Bottom of the 6th over - 2 runs, 2 hits, 0 errors, 0 left on base; Kalamazoo 5 - Kansas City 4 |
TOP OF THE 7TH |
Kalamazoo Royale with Cheese batting - Pitching for Kansas City Kings : LHP Keith Swanson
|
Batting: RHB Millard Boyd
|
0-0: Called Strike 0-1: Foul Ball, location: 2F 0-2: Ball 1-2: Strikes out looking
|
Batting: LHB Gene Cooper
|
0-0: DOUBLE (Flyball, 89D)
|
Batting: SHB Caden Keith
|
0-0: Intentional Walk
|
Pinch Hitting: RHB Dan Tyler
|
0-0: Ball 1-0: Ball 2-0: Ball 3-0: Base on Balls Gene Cooper to third Caden Keith to second
|
Pinch Hitting: RHB Eugene Gill
|
0-0: Swinging Strike 0-1: Called Strike 0-2: Strikes out looking
|
Batting: LHB Donovan Bird
|
0-0: Foul Ball, location: 2F 0-1: Swinging Strike 0-2: Ball 1-2: Fly out, F6 (Popup, 6M)
|
Top of the 7th over - 0 runs, 1 hit, 0 errors, 3 left on base; Kalamazoo 5 - Kansas City 4 |
BOTTOM OF THE 7TH |
Kansas City Kings batting - Pitching for Kalamazoo Royale with Cheese : LHP Salvador Castro
|
Now at 1B: Dan Tyler
|
|
Now at 2B: Eugene Gill
|
|
Batting: LHB Brian Easdale
|
0-0: Ball 1-0: Ball 2-0: Foul Ball, location: 2F 2-1: Ball 3-1: Foul Ball, location: 2F 3-2: Foul Ball, location: 2F 3-2: Strikes out looking
|
Batting: RHB Dave Parker
|
0-0: Called Strike 0-1: SINGLE (Groundball, 56D)
|
Pinch Hitting: RHB Eric Fuller
|
0-0: Ball 1-0: Swinging Strike 1-1: Ball 2-1: Foul Ball, location: 2F 2-2: Foul Ball, location: 2F 2-2: Strikes out swinging
|
Pitching: RHP Ray Watkins
|
|
Batting: RHB Eduardo García
|
0-0: Foul Ball, location: 2F 0-1: Foul Ball, location: 2F 0-2: Fly out, F8 (Flyball, 89XD)
|
Bottom of the 7th over - 0 runs, 1 hit, 0 errors, 1 left on base; Kalamazoo 5 - Kansas City 4 |
TOP OF THE 8TH |
Kalamazoo Royale with Cheese batting - Pitching for Kansas City Kings : LHP Keith Swanson
|
Now in RF: Cy Keynes
|
|
Batting: RHB Zander Tremblett
|
0-0: Called Strike 0-1: Ball 1-1: Ball 2-1: SINGLE (Line Drive, 7S)
|
Batting: LHB Ron Robinson
|
0-0: Ball 1-0: Sac Bunt - play at first, batter OUT! 1-4 Zander Tremblett to second
|
Batting: LHB Bill McJannett
|
0-0: Called Strike 0-1: Foul Ball, location: 2F 0-2: Ball 1-2: Strikes out looking
|
Pitching: RHP Vinícius Itaquy
|
|
Batting: RHB Millard Boyd
|
0-0: Fly out, F6 (Line Drive, 6)
|
Top of the 8th over - 0 runs, 1 hit, 0 errors, 1 left on base; Kalamazoo 5 - Kansas City 4 |
BOTTOM OF THE 8TH |
Kansas City Kings batting - Pitching for Kalamazoo Royale with Cheese : RHP Ray Watkins
|
Batting: SHB Álex Hernández
|
0-0: Called Strike 0-1: Foul Ball, location: 2F 0-2: Ground out U3 (Groundball, 3)
|
Batting: RHB Chris Chandler
|
0-0: Ball 1-0: Called Strike 1-1: Ball 2-1: Ball 3-1: SINGLE (Line Drive, 34)
|
Pitching: RHP Armen Boyajian
|
|
Batting: SHB Douglas Taylor
|
0-0: Ball 1-0: Called Strike 1-1: Called Strike 1-2: Ball 2-2: Fielders Choice at 2nd, 1-6 (Groundball, 23)
|
Batting: RHB Toshimichi Kono
|
0-0: Ball 1-0: Foul Ball, location: 2F 1-1: Ball 2-1: Ground out 5-3 (Groundball, 56)
|
Bottom of the 8th over - 0 runs, 1 hit, 0 errors, 1 left on base; Kalamazoo 5 - Kansas City 4 |
TOP OF THE 9TH |
Kalamazoo Royale with Cheese batting - Pitching for Kansas City Kings : RHP Vinícius Itaquy
|
Pitching: RHP Nick Parks
|
|
Batting: LHB Gene Cooper
|
0-0: SINGLE (Flyball, 9LS)
|
Batting: SHB Caden Keith
|
0-0: Foul Ball, location: 2F 0-1: Ball 1-1: Ground out 6-3 (Groundball, 6MS) Gene Cooper to second
|
Batting: RHB Dan Tyler
|
0-0: Ball 1-0: Called Strike 1-1: SINGLE (Groundball, 56S) (infield hit) Gene Cooper to third
|
Batting: RHB Eugene Gill
|
0-0: Ball 1-0: Foul Ball, location: 2F 1-1: Foul Ball, location: 2F 1-2: Ball 2-2: Ball 3-2: Strikes out looking
|
Batting: LHB Donovan Bird
|
0-0: Called Strike 0-1: Foul Ball, location: 2F 0-2: Ground out 4-3 (Groundball, 34D)
|
Top of the 9th over - 0 runs, 2 hits, 0 errors, 2 left on base; Kalamazoo 5 - Kansas City 4 |
BOTTOM OF THE 9TH |
Kansas City Kings batting - Pitching for Kalamazoo Royale with Cheese : RHP Armen Boyajian
|
Pitching: RHP Víctor Reyes
|
|
Batting: RHB Rafael Carreón
|
0-0: Fly out, F5 (Line Drive, 5)
|
Batting: LHB Brian Easdale
|
0-0: Ball 1-0: Ground out 5-3 (Groundball, 56)
|
Batting: RHB Dave Parker
|
0-0: Ball 1-0: Foul Ball, location: 2F 1-1: Foul Ball, location: 2F 1-2: Ball 2-2: Strikes out swinging
|
Bottom of the 9th over - 0 runs, 0 hits, 0 errors, 0 left on base; Kalamazoo 5 - Kansas City 4 |
|